 Dungeon Crawl Stone Soup version 0.29.0-15-g675c0067aa (webtiles) character file.

Game seed: 11306866205419247258

53 qw the Sneak (level 3, -2/23 HPs)
             Began as a Gargoyle Delver on Sept 11, 2022.
             Slain by an orc priest
             ... wielding a +0 short sword
              (3 damage)
             ... on level 5 of the Dungeon.
             The game lasted 00:00:09 (613 turns).

qw the Sneak (Gargoyle Delver)                       Turns: 613, Time: 00:00:10

Health: -2/23      AC:  6    Str: 17    XL:     3   Next: 89%
Magic:  3/3        EV: 11    Int: 10    God:
Gold:   22         SH:  0    Dex: 11    Spells: 2/2 levels left

rFire   . . .      SeeInvis .   a - +0 hand axe
rCold   . . .      Faith    .   (no shield)
rNeg    + . .      Spirit   .   b - +0 leather armour
rPois   inf        Reflect  .   (no helmet)
rElec   +          Harm     .   (no cloak)
rCorr   .          Rampage  .   (no gloves)
Will    .....                   (no boots)
Stlth   +++.......              (no amulet)
HPRegen 0.07/turn               (no ring)
MPRegen 0.08/turn               (no ring)

@: no status effects
A: sickness immunity, AC +3, negative energy resistance 1, electricity
resistance, torment resistance 1, petrification resistance
a: no special abilities


You were on level 5 of the Dungeon.
You visited 1 branch of the dungeon, and saw 1 of its levels.

You collected 22 gold pieces.


Innate Abilities, Weirdness & Mutations

You are immune to sickness and miasma.
Your stone body is resilient. (AC +3)
You are immune to poison.
You resist negative energy. (rN+)
You are resistant to electric shocks. (rElec)
You are resistant to unholy torment.
You are immune to petrification.


   Skills:
 - Level 3.2 Fighting
 + Level 3.7 Axes
 - Level 1.5 Dodging
 - Level 5.4 Stealth


You had 2 spell levels left.
You didn't know any spells.
Your spell library was empty.

Inventory:

Hand Weapons
 a - a +0 hand axe (weapon)
Armour
 b - a +0 leather armour (worn)
 l - a +0 chain mail
Wands
 g - a wand of digging (3)
Scrolls
 c - a scroll of fog
 d - a scroll of magic mapping
 e - a scroll of fear
 h - a scroll of identify {unknown}
 i - a scroll of teleportation {unknown}
 j - a scroll of summoning {unknown}
Potions
 f - a potion of haste
 k - 2 potions of curing {unknown}

Dungeon Overview and Level Annotations

Branches:
Dungeon (5/15)
 Temple: D:4-7

Altars:


Message History

The orc's wounds heal themselves!
The orc hits you with a +0 hand axe.
You hit the orc priest but do no damage.
You hit the orc. The orc misses you.
The orc priest hits you but does no damage.
You hit the orc.
The orc is heavily wounded.
You hit the orc priest. The orc hits you but does no damage.
The orc priest barely misses you.
You hit the orc.
You kill the orc!
You hit the orc priest but do no damage.
An orc comes into view. It is wielding a +0 dagger.
The orc priest hits you but does no damage.
You hit the orc priest.
The orc priest is lightly wounded.
The orc priest looks satisfied for a moment.
You hit the orc priest but do no damage.
The orc priest is lightly wounded.
The orc priest misses you.
You hit the orc priest.
The orc priest is heavily wounded.
The orc priest hits you with a +0 short sword.
You hit the orc priest.
The orc priest is severely wounded.
The orc priest invokes the aid of Beogh against you.
Beogh smites you!
Ouch! That really hurt!
The orc priest closely misses you. The orc closely misses you.
You hit the orc priest.
The orc priest is almost dead.
You hit the orc. The orc hits you with a +0 dagger.
The orc priest hits you but does no damage.
You hit the orc priest.
The orc priest is almost dead.
You barely miss the orc. The orc barely misses you.
The orc priest hits you with a +0 short sword.
You die...

...#.. ......# ....
....... ..#..........#
....... .#...........
....... ..........>.
#.... ...........
##..o#####.........
.##...o@..........# .
..................### ..
.#................#.##..
####........#.........#
###..##....##.....##
#..##.##....%....#
#.....###......###
......###.##....##
##.................


You could see an orc priest and an orc.

Vanquished Creatures
  An iguana (D:5)
  2 adders (D:5)
  A white imp (D:5)
  An orc (D:5)
5 creatures vanquished.

Notes
Turn   | Place    | Note
-------+----------+-------------------------------------------
     0 | D:5      | qw the Gargoyle Delver began the quest for the Orb.
     0 | D:5      | Reached XP level 1. HP: 14/14 MP: 1/1
     0 | D:5      | 0 ||| qw: Version: 0.1-a-118-gb4e7ce6
     0 | D:5      | 0 ||| qw: Game counter: 10310
     0 | D:5      | 0 ||| qw: Always use a shield: true
     0 | D:5      | 0 ||| qw: God list: Okawaru
     0 | D:5      | 0 ||| qw: Allow faded altars: false
     0 | D:5      | 0 ||| qw: Do Orc after D:15 true
     0 | D:5      | 0 ||| qw: Do second Lair branch before Depths: true
     0 | D:5      | 0 ||| qw: Lair rune preference: random
     0 | D:5      | 0 ||| qw: Plans: Normal
     0 | D:5      | 0 ||| PLANNING D:1-11
    30 | D:5      | Noticed an iguana
    38 | D:5      | HP: 2/14 [iguana (12)]
    39 | D:5      | Killed an iguana
    40 | D:5      | Reached skill level 3 in Axes
    40 | D:5      | Reached XP level 2. HP: 3/19 MP: 2/2
    40 | D:5      | Reached XP level 3. HP: 4/23 MP: 3/3
   494 | D:5      | 494 ||| Stepping ~*~*~tactically~*~*~ (hiding).
   596 | D:5      | 596 ||| Stepping ~*~*~tactically~*~*~ (hiding).
   611 | D:5      | HP: 2/23 [orc priest/divine providence (12)]
   613 | D:5      | Slain by an orc priest

Levels and vault maps discovered:
D:5:      layout_cave_pools, minmay_temple_entry_enclosed_plants

Skill      XL: |  1 |
---------------+----+-----
Axes           | 3 |  3.7
Fighting       | |  3.2
Dodging        | |  1.5
Stealth        | |  5.4

Action                   || total
-------------------------++-------
Melee: Hand axe          ||    41
Armor: Leather armour    ||    18
Dodge: Dodged            ||    23

Table legend:
 A = Non-vault XP
 B = Vault XP
 C = Vault XP percentage of total XP
 D = Non-vault monster count
 E = Vault monster count
 F = Vault count percentage of total count
                 A         B        C        D         E       F
            +---------+---------+-------+---------+---------+-------
      Total |      77 |       0 |   0.0 |       5 |       0 |   0.0
            +---------+---------+-------+---------+---------+-------
        D:5 |      77 |       0 |   0.0 |       5 |       0 |   0.0
            +---------+---------+-------+---------+---------+-------
